Map: Romanticide LE

Players

maru - Winner!

  • Race: Terran Terran
  • Spawn Location: 5:00

ShoWTimE

  • Race: Protoss Protoss
  • Spawn Location: 11:00

Event: ASUS ROG Online 2020

VOD

Have the link to the VOD?

Description

Time

  • Played on: Nov. 29, 2020, 8:20 a.m.
  • Length: 26:26

All games in this series

Show
View Real Time Build Order
Export as new Build Order

maru Terran - Winner!

Build Orders: Reaper Expand 

Get SALT Encoding   

  12  0:00  SCV  
  13  0:12  SCV  
  14  0:16  Supply Depot  
  14  0:24  SCV  
  15  0:38  SCV  
  15  0:39  Barracks  
  16  0:43  Refinery  
  16  0:50  SCV  
  17  1:02  SCV  
  18  1:14  SCV  
  19  1:26  Orbital Command, Reaper  
  20  1:39  Command Center  
  20  1:52  SCV  
  21  1:57  Supply Depot  
  21  1:58  Marine  
  22  2:04  SCV  
  22  2:06  Factory  
  23  2:14  Refinery  
  23  2:18  SCV  
  23  2:22  Barracks Reactor, Bunker  
  24  2:30  SCV  
  25  2:42  SCV  
  26  2:52  Starport  
  26  2:53  Orbital Command  
  26  2:54  Widow Mine  
  26  2:55  SCV  
  29  2:59  Marine x2  
  31  3:10  SCV  
  31  3:16  Factory Tech Lab  
  31  3:19  SCV  
  32  3:20  Marine x2  
  32  3:22  SCV  
  35  3:29  Viking  
  35  3:31  SCV  
  38  3:34  SCV  
  38  3:35  Supply Depot, Cyclone  
  38  3:38  Marine  
  43  3:43  SCV  
  43  3:46  Supply Depot, SCV  
  45  3:51  Marine  
  46  3:56  Marine  
  46  3:58  SCV  
  48  4:03  Command Center  
  48  4:07  SCV  
  49  4:11  Cyclone  
  49  4:13  SCV  
  53  4:19  SCV  
  54  4:25  Mag-Field Accelerator, SCV  
  54  4:28  Medivac, Marine  
  54  4:29  Supply Depot  
  58  4:31  SCV  
  58  4:37  SCV  
  60  4:40  Marine  
  60  4:43  Supply Depot, SCV  
  62  4:50  Cyclone, Marine  
  66  4:53  SCV  
  66  4:54  Refinery  
  66  4:55  SCV  
  66  4:57  Marine  
  69  5:05  SCV  
  70  5:08  Supply Depot, Marine  
  70  5:11  Liberator  
  70  5:13  Barracks, SCV  
  75  5:14  Barracks  
  75  5:17  Refinery  
  75  5:18  Orbital Command  
  75  5:19  SCV  
  75  5:26  SCV  
  75  5:28  Cyclone  
  79  5:32  SCV  
  80  5:38  SCV  
  79  5:44  SCV x2  
  81  5:50  SCV  
  81  5:51  Engineering Bay  
  81  5:52  Engineering Bay, Barracks  
  81  5:53  Barracks  
  81  5:56  SCV x2  
  84  6:02  SCV  
  84  6:03  Barracks Tech Lab x2, Siege Tank  
  88  6:04  Starport Reactor  
  88  6:08  SCV  
  90  6:15  SCV  
  89  6:19  Terran Infantry Armor Level 1, Terran Infantry Weapons Level 1  
  89  6:21  SCV  
  89  6:24  Marauder x2, Marine  
  89  6:25  Orbital Command  
  93  6:27  SCV  
  93  6:29  Stimpack  
  89  6:33  SCV  
  89  6:35  Supply Depot  
  89  6:36  Marine  
  89  6:39  SCV  
  90  6:42  Marine  
  90  6:46  Marauder x2, Siege Tank, SCV  
  93  6:51  SCV  
  88  6:54  Marine  
  88  6:58  SCV  
  88  6:59  SCV  
  88  7:00  Marine  
  88  7:01  Barracks Tech Lab  
  92  7:02  Barracks Reactor  
  92  7:03  SCV  
  92  7:05  Refinery  
  92  7:07  Marauder x2  
  97  7:10  SCV  
  97  7:11  SCV  
  97  7:15  SCV  
  96  7:16  Supply Depot  
  96  7:17  Refinery  
  96  7:18  Siege Tank  
  96  7:19  Supply Depot  
  96  7:21  Medivac  
  96  7:22  SCV  
  102  7:23  SCV  
  102  7:27  SCV  
  102  7:29  Marauder x2  
  108  7:30  Combat Shield  
  108  7:34  SCV  
  109  7:37  Supply Depot, SCV  
  109  7:38  Supply Depot  
  109  7:39  Supply Depot, SCV  
  109  7:40  Marauder, Marine x2  
  112  7:46  Supply Depot, SCV  
  112  7:47  Supply Depot  
  112  7:48  Medivac, Concussive Shells  
  112  7:49  SCV  
  112  7:50  Marauder  
  112  7:51  Supply Depot, SCV  
  118  7:55  Supply Depot  
  118  7:56  Supply Depot  
  120  7:58  SCV  
  120  7:59  Siege Tank  
  120  8:01  SCV  
  120  8:03  SCV  
  120  8:04  Missile Turret  
  125  8:09  Armory  
  125  8:10  Marauder x2, SCV, Marine x2  
  125  8:11  Marauder, Marine  
  125  8:12  Missile Turret, Marine  
  135  8:13  Missile Turret  
  135  8:14  SCV  
  135  8:15  Supply Depot  
  130  8:20  SCV  
  130  8:22  SCV  
  130  8:26  SCV  
  117  8:31  Medivac x2  
  117  8:32  SCV  
  120  8:34  SCV  
  120  8:37  Marauder, Marine  
  120  8:41  Engineering Bay  
  124  8:42  Engineering Bay  
  124  8:44  Supply Depot  
  124  8:47  Ghost Academy  
  124  8:50  Marauder x2, Marine  
  124  8:51  Marine  
  124  8:52  Marine  
  130  8:57  Missile Turret  
  130  8:59  Marauder  
  130  9:01  Medivac x2  
  136  9:05  Terran Infantry Weapons Level 2  
  136  9:08  Marine x2  
  138  9:13  Command Center  
  138  9:14  Terran Infantry Armor Level 2  
  138  9:18  Marine x3  
  138  9:21  Ghost  
  143  9:30  SCV  
  143  9:36  SCV x2  
  143  9:37  Siege Tank  
  143  9:38  Missile Turret  
  148  9:40  Viking x2  
  148  9:42  SCV  
  148  9:45  Ghost  
  153  9:46  Marine x3  
  153  9:47  Missile Turret, Marine  
  159  9:57  Command Center  
  159  10:02  Ghost, Enhanced Shockwaves  
  159  10:03  Missile Turret  
  161  10:12  Siege Tank  
  161  10:13  Viking  
  166  10:17  Marine x2  
  166  10:18  Marine x2  
  170  10:26  Ghost  
  172  10:30  Ghost  
  172  10:31  Marine  
  172  10:34  Command Center  
  172  10:35  Marine  
  176  10:48  Ghost, SCV x2  
  176  10:49  Sensor Tower, SCV  
  180  10:52  Planetary Fortress  
  180  11:02  Command Center  
  180  11:04  Command Center  
  180  11:06  Missile Turret  
  180  11:07  Sensor Tower  
  180  11:09  Terran Ship Weapons Level 1  
  179  11:16  Ghost  
  180  11:28  Ghost x2, Refinery x2  
  180  11:29  Command Center  
  180  11:30  Orbital Command  
  184  11:36  Marine  
  184  11:39  Viking  
  187  11:40  Viking  
  187  11:46  Marauder  
  189  11:50  Siege Tank  
  178  11:57  Ghost  
  178  11:59  SCV  
  177  12:09  Bunker  
  177  12:12  Personal Cloaking  
  177  12:14  Medivac x2, Barracks x2  
  177  12:15  Barracks  
  181  12:17  Orbital Command x2  
  181  12:24  Marine x2  
  181  12:25  Marine x3  
  186  12:30  Missile Turret  
  186  12:42  Siege Tank  
  189  12:50  Terran Infantry Weapons Level 3, Terran Infantry Armor Level 3  
  185  12:54  Planetary Fortress  
  185  12:57  Orbital Command  
  185  13:05  Barracks Tech Lab, Viking x2  
  189  13:06  Barracks Reactor, Barracks Tech Lab  
  189  13:11  Missile Turret  
  189  13:18  Terran Ship Weapons Level 2  
  189  13:26  Sensor Tower  
  189  13:37  Ghost  
  189  13:38  Nuke  
  172  13:46  Ghost  
  172  13:47  Ghost x2, Marine  
  172  13:48  Marauder, Marine  
  162  13:49  Orbital Command  
  162  13:51  SCV x5  
  162  13:52  SCV x2  
  162  13:55  Medivac  
  171  14:03  SCV x2  
  171  14:05  Marine x3  
  171  14:06  Marauder  
  171  14:09  Ghost  
  180  14:14  Siege Tank  
  180  14:15  Ghost  
  180  14:16  Missile Turret, SCV  
  186  14:36  Marauder, Marine x2  
  186  14:37  Marauder  
  191  14:39  Marauder x2, Marine x2  
  197  14:57  Ghost  
  199  15:05  Starport, Fusion Core  
  199  15:06  Starport  
  199  15:14  Bunker, Command Center  
  199  15:16  Nuke  
  199  15:21  Armory  
  199  15:25  Command Center, Refinery  
  199  15:26  Refinery  
  199  15:28  Command Center  
  192  15:54  Liberator  
  192  15:55  Liberator, Starport Reactor x2  
  192  15:56  Terran Ship Weapons Level 3  
  165  16:27  Marauder, Marine  
  162  16:33  Liberator x2  
  162  16:34  Liberator  
  162  16:35  Advanced Ballistics  
  162  16:36  Terran Vehicle And Ship Armor Level 1  
  162  16:37  Liberator  
  162  16:38  Liberator, Orbital Command  
  162  16:39  Ghost x2  
  177  16:40  Marauder, Marine x4  
  177  16:41  Marauder  
  189  16:49  Marauder  
  191  16:55  Liberator  
  191  16:59  Marine x2  
  196  17:01  Ghost  
  196  17:02  Marauder  
  194  17:21  Ghost  
  178  17:30  Ghost x2  
  178  17:31  Ghost x2  
  178  17:38  Marine x2  
  178  17:41  Marine x2  
  178  17:43  SCV x4  
  176  17:50  Ghost  
  176  17:56  Liberator x2, Marine  
  176  17:57  Liberator x3  
  192  17:58  Ghost  
  192  17:59  Marauder  
  192  18:00  Marauder x2  
  200  18:16  Marine x2  
  200  18:19  Marauder  
  188  18:20  Marine  
  188  18:21  Marauder  
  188  18:22  Marauder x2  
  188  18:26  Marine x2  
  179  18:28  Marauder  
  179  18:33  Liberator, Marine  
  185  18:37  Planetary Fortress  
  185  18:39  Liberator x2  
  185  18:40  Marauder  
  193  18:42  Marauder, Marine x2  
  193  18:43  Marauder  
  196  18:49  Marauder  
  196  18:50  Marine  
  196  18:51  Marine  
  200  19:01  Marauder, Marine x3  
  200  19:02  Marauder  
  189  19:03  Liberator x2  
  189  19:04  Marauder  
  189  19:09  Ghost  
  187  19:13  Missile Turret  
  187  19:19  Marauder, Marine  
  187  19:22  Liberator  
  191  19:27  Marine  
  191  19:28  Marauder  
  180  19:33  Marauder, Marine  
  180  19:34  Marine  
  180  19:35  Marauder, Marine  
  180  19:37  Liberator  
  184  19:38  Marauder  
  184  19:52  Ghost x2  
  186  19:53  Medivac x2  
  183  20:00  Liberator x2  
  189  20:13  Terran Vehicle And Ship Armor Level 2, Nuke  
  189  20:27  Missile Turret  
  189  20:32  Liberator, Ghost x2  
  180  20:48  Ghost x2, Marine  
  180  20:49  Marauder, Marine x2  
  171  20:53  Marine x2  
  171  20:56  Medivac  
  172  21:02  Marauder x2  
  176  21:10  Marauder, Marine  
  176  21:11  Marine x4  
  181  21:16  Ghost, Marine  
  181  21:17  Ghost  
  185  21:23  Marauder, Marine  
  188  21:28  Marine x2  
  188  21:32  Marauder  
  191  21:39  Medivac  
  191  21:41  Marauder  
  191  21:44  Marauder  
  191  21:45  Ghost  
  191  21:46  Marauder  
  199  21:53  Command Center  
  196  22:15  Marauder, Marine x2  
  198  22:16  Marauder  
  194  22:23  Liberator  
  194  22:24  Liberator  
  169  22:38  Marine  
  169  22:39  Marauder x2, Marine  
  158  22:44  Marauder x2, Marine  
  158  22:45  Marauder, Marine x3  
  168  22:56  Marine x2  
  168  23:00  Marauder, Marine  
  168  23:02  Marine x4  
  168  23:05  Ghost  
  175  23:06  Marauder x2  
  180  23:14  Marine x2  
  180  23:18  Ghost  
  183  23:22  Marauder  
  183  23:23  Orbital Command  
  183  23:26  Ghost  
  174  23:27  Marauder  
  178  23:38  Marauder, Marine x4  
  178  23:40  Marine x2  
  184  23:43  Marauder  
  184  23:47  Marauder  
  188  23:49  Medivac, Marauder  
  188  23:50  Medivac x2  
  188  23:56  Orbital Command, Marauder  
  188  24:00  Marauder  
  179  24:05  Medivac x2  
  180  24:10  Marine  
  180  24:11  Marauder  
  179  24:24  Ghost  
  181  24:33  Marauder, Marine x2  
  181  24:34  Marauder  
  181  24:35  Ghost  
  185  24:44  SCV x2  
  173  25:05  Marine  
  173  25:06  Marauder x2, Marine  
  176  25:10  Marauder, Marine  
  176  25:11  Marine  
  176  25:12  Marauder  
  177  25:14  Marine  
  177  25:15  Orbital Command, Marauder  
  177  25:23  Orbital Command  
  177  25:27  SCV x5  
  178  25:28  Unknown  
  178  25:38  Missile Turret  
  178  25:39  SCV  
  166  26:05  Marine x2  
  166  26:06  Marine x4  
Show
View Real Time Build Order
Export as new Build Order

ShoWTimE Protoss 

Build Orders: 1 Gate Expand, Oracle Opening 

Get SALT Encoding   

  12  0:00  Probe  
  13  0:12  Probe  
  14  0:17  Pylon  
  14  0:24  Probe (Chrono Boost)  
  15  0:36  Probe (Chrono Boost)  
  15  0:37  Gateway  
  16  0:44  Probe (Chrono Boost)  
  16  0:45  Assimilator  
  17  0:51  Probe  
  18  1:03  Probe  
  19  1:15  Probe  
  20  1:22  Nexus  
  20  1:31  Cybernetics Core  
  20  1:35  Probe  
  21  1:43  Assimilator  
  21  1:47  Probe  
  21  1:51  Pylon  
  22  1:59  Probe  
  23  2:06  Stalker (Chrono Boost)  
  23  2:11  Probe  
  26  2:23  Probe, Stargate  
  27  2:33  Warp Gate  
  27  2:35  Probe (Chrono Boost)  
  29  2:41  Probe (Chrono Boost)  
  29  2:43  Stalker (Chrono Boost)  
  30  2:45  Probe (Chrono Boost)  
  30  2:49  Probe (Chrono Boost)  
  30  2:50  Probe (Chrono Boost)  
  34  2:59  Probe  
  34  3:01  Probe  
  36  3:07  Oracle (Chrono Boost)  
  36  3:11  Probe  
  40  3:13  Probe  
  41  3:24  Gateway, Probe  
  41  3:25  Probe  
  43  3:31  Twilight Council  
  43  3:35  Gateway  
  43  3:36  Probe  
  43  3:38  Probe  
  43  3:41  Pylon  
  45  3:48  Probe  
  46  3:58  Nexus  
  46  3:59  Probe  
  46  4:00  Probe  
  46  4:02  Blink (Chrono Boost)  
  48  4:11  Probe  
  48  4:12  Pylon, Probe  
  50  4:23  Stalker, Assimilator, Probe  
  53  4:28  Probe  
  54  4:32  Stalker x2, Pylon  
  54  4:35  Probe  
  59  4:40  Probe  
  59  4:44  Pylon  
  60  4:48  Probe  
  60  4:52  Probe  
  62  4:55  Forge  
  62  4:56  Stalker x2  
  62  4:58  Stalker  
  68  5:00  Probe  
  68  5:04  Probe  
  70  5:07  Pylon  
  70  5:11  Probe  
  70  5:12  Probe  
  72  5:19  Stalker x2  
  76  5:21  Stalker  
  76  5:24  Probe x3  
  81  5:31  Protoss Ground Weapons Level 1 (Chrono Boost)  
  81  5:36  Charge (Chrono Boost), Probe x2  
  81  5:38  Probe  
  81  5:43  Gateway  
  81  5:44  Gateway  
  81  5:46  Gateway  
  81  5:50  Gateway  
  79  6:04  Stalker x3, Gateway  
  75  6:06  Probe x2  
  75  6:07  Probe  
  75  6:10  Assimilator  
  84  6:11  Pylon  
  84  6:14  Robotics Facility  
  84  6:15  Assimilator  
  84  6:18  Probe  
  84  6:19  Probe x2  
  84  6:22  Shield Battery  
  84  6:24  Shield Battery  
  87  6:30  Probe  
  87  6:31  Probe x2  
  90  6:35  Stalker  
  90  6:36  Stalker x2  
  96  6:43  Pylon, Probe x3  
  96  6:44  Assimilator  
  94  6:55  Probe x2  
  94  6:57  Probe  
  94  7:00  Templar Archives  
  96  7:03  Observer (Chrono Boost)  
  96  7:04  Zealot x6  
  96  7:07  Probe  
  110  7:10  Pylon  
  110  7:16  Zealot x2  
  110  7:21  Pylon  
  114  7:25  Warp Prism (Chrono Boost)  
  116  7:31  Pylon  
  116  7:32  Pylon  
  116  7:33  Sentry  
  116  7:34  Sentry, Zealot x2, Pylon  
  124  7:38  Pylon  
  124  7:41  Protoss Ground Armor Level 1 (Chrono Boost)  
  124  7:45  Zealot x4  
  132  7:51  Pylon  
  132  7:53  Pylon  
  132  8:02  Nexus  
  132  8:12  High Templar x2  
  132  8:13  High Templar x2  
  132  8:18  Archon x2  
  122  8:30  Probe x2  
  122  8:31  Probe  
  122  8:32  Zealot x4  
  125  8:34  Psionic Storm  
  125  8:37  Gateway  
  125  8:39  Gateway  
  125  8:42  Probe x2  
  125  8:43  Probe  
  125  8:45  Zealot x4  
  136  8:53  Observer  
  136  8:54  Probe  
  136  8:55  Probe x2  
  139  8:56  Pylon, Forge  
  139  8:59  High Templar x4  
  147  9:04  Photon Cannon  
  147  9:10  Shield Battery  
  147  9:11  Pylon  
  147  9:16  Probe x3  
  150  9:22  Protoss Ground Armor Level 2 (Chrono Boost), Protoss Ground Weapons Level 2 (Chrono Boost)  
  150  9:28  Zealot x4  
  151  9:36  Probe x2  
  151  9:37  Robotics Bay, Robotics Facility  
  153  9:39  Pylon  
  153  9:42  Photon Cannon  
  153  9:45  High Templar  
  153  9:47  Zealot x5, Pylon  
  165  9:57  Photon Cannon  
  165  10:00  Assimilator  
  165  10:02  High Templar  
  165  10:05  Assimilator, Pylon  
  167  10:07  Zealot x6  
  177  10:23  Zealot x3  
  183  10:29  Stalker x3  
  183  10:30  Stalker x3  
  195  10:41  Nexus  
  195  10:44  Pylon, Photon Cannon  
  195  10:46  Photon Cannon  
  195  10:47  Colossus (Chrono Boost)  
  195  10:51  Extended Thermal Lance (Chrono Boost)  
  197  11:02  Photon Cannon  
  197  11:04  Dark Shrine, Photon Cannon  
  197  11:07  Shield Battery  
  197  11:08  Colossus (Chrono Boost)  
  193  11:30  Gateway  
  193  11:31  Gateway  
  193  11:32  Colossus (Chrono Boost)  
  193  11:33  Gateway  
  193  11:36  Gateway  
  199  11:40  Gateway  
  197  11:47  Nexus  
  185  11:55  Protoss Ground Armor Level 3 (Chrono Boost), Protoss Ground Weapons Level 3 (Chrono Boost), Photon Cannon  
  185  11:59  Disruptor  
  188  12:02  Photon Cannon  
  188  12:03  Shield Battery  
  188  12:04  Photon Cannon  
  188  12:07  Shadow Stride (Chrono Boost)  
  188  12:21  Dark Templar x6  
  200  12:32  Pylon  
  198  12:49  Disruptor (Chrono Boost)  
  198  12:50  Disruptor (Chrono Boost)  
  188  12:54  Dark Templar x6  
  188  12:58  Assimilator  
  200  12:59  Assimilator  
  200  13:20  Gravitic Boosters  
  200  13:31  Photon Cannon  
  200  13:33  Photon Cannon  
  200  13:35  Photon Cannon  
  190  13:46  Dark Templar  
  190  13:47  Dark Templar x10  
  182  13:57  Disruptor (Chrono Boost)  
  182  13:58  Disruptor (Chrono Boost)  
  188  14:04  Nexus  
  188  14:06  Pylon  
  188  14:14  Pylon  
  188  14:20  Nexus  
  188  14:26  Observer  
  188  14:27  Observer  
  174  14:39  Protoss Shields Level 1, Dark Templar x6  
  174  14:45  Disruptor (Chrono Boost)  
  186  14:51  Zealot x5  
  186  14:52  Disruptor (Chrono Boost)  
  193  15:14  Dark Templar x3  
  199  15:22  Pylon  
  199  15:23  Observer  
  200  15:33  Pylon  
  200  15:35  Observer  
  186  15:59  Dark Templar x7  
  200  16:07  Gateway  
  200  16:09  Gateway  
  200  16:11  Assimilator  
  200  16:13  Assimilator  
  184  16:27  Zealot x8  
  184  16:31  Disruptor x2  
  199  16:36  Stalker x3  
  199  17:01  Nexus  
  199  17:02  Pylon  
  199  17:07  Observer  
  199  17:08  Observer  
  182  17:28  Disruptor x2 (Chrono Boost)  
  182  17:29  Zealot x2  
  174  17:30  Zealot x13  
  162  17:47  Probe x2  
  158  17:52  High Templar, Photon Cannon  
  158  17:53  High Templar  
  158  17:54  High Templar, Photon Cannon  
  158  17:55  High Templar  
  158  17:57  Disruptor x2 (Chrono Boost), Photon Cannon, Dark Templar x12  
  191  18:02  Photon Cannon  
  191  18:04  Photon Cannon  
  194  18:05  Photon Cannon  
  194  18:06  Shield Battery  
  194  18:08  Shield Battery  
  188  18:13  Pylon  
  188  18:16  Assimilator  
  188  18:18  Assimilator  
  187  18:20  Stalker  
  169  18:27  Stalker x2  
  169  18:28  Stalker x2  
  169  18:30  Observer x2  
  169  18:32  Stalker x5  
  169  18:33  Stalker x6  
  187  18:51  Observer  
  186  18:59  Stalker x8  
  186  19:00  Stalker x3  
  179  19:03  Archon  
  179  19:04  Disruptor  
  179  19:07  Zealot x2  
  179  19:08  Zealot x4  
  173  19:11  Archon  
  173  19:13  Disruptor  
  176  19:23  Zealot x8  
  176  19:24  Zealot  
  172  19:38  Stalker x4  
  153  19:43  Zealot x2  
  149  20:02  Dark Templar x5  
  149  20:03  Disruptor  
  161  20:11  Observer  
  160  20:25  High Templar  
  160  20:26  High Templar  
  156  20:31  Nexus  
  156  20:32  Dark Templar x2  
  158  20:37  Zealot x2  
  152  20:45  Zealot x3  
  150  20:54  Disruptor  
  148  20:58  Phoenix  
  144  21:04  Stalker  
  144  21:05  Stalker x2  
  146  21:17  Dark Templar  
  146  21:18  Dark Templar  
  146  21:24  Zealot x4  
  154  21:38  Disruptor x2 (Chrono Boost)  
  159  22:03  Zealot x8  
  159  22:06  Disruptor  
  176  22:15  Zealot x4  
  160  22:22  Disruptor  
  151  22:33  Zealot x5  
  145  22:41  Dark Templar  
  142  22:46  Dark Templar x2  
  142  22:47  Dark Templar x2  
  142  23:17  Nexus  
  136  23:24  Stalker  
  136  23:25  Stalker x6  
  132  23:33  Stalker x3  
  136  23:39  Dark Templar  
  130  23:48  Stalker x2  
  120  24:06  Zealot x5, Dark Templar  
  128  24:34  Stalker x4  
  133  24:40  Stalker x2  
  137  24:46  Nexus  
  137  24:50  Observer  
  123  25:17  Pylon  
  119  25:22  Dark Templar  
  117  25:40  Nexus  
  117  25:49  Dark Templar  
  96  26:05  Zealot x5  
Tags
 
Add a new tag
Caveats
  • Supply blocks, unpowered buildings, or Contaminate may cause inaccurate times.
  • Supply counts are checked every 10 seconds.